 Dungeon Crawl Stone Soup version 0.30-a0-723-gc1506a1cf0 (webtiles) character file.

Game seed: 5915785510201364571

8 iguanaiguana the Trooper (level 2, 0/27 HPs)
             Began as a Meteoran Delver on Jan 29, 2023.
             Slain by an endoplasm (2 damage)
             ... on level 4 of the Dungeon.
             The game lasted 00:02:54 (112 turns).

iguanaiguana the Trooper (Meteoran Delver)           Turns: 112, Time: 00:02:55

Health: 0/27       AC:  3    Str: 13    XL:     2   Next: 29%
Magic:  3/3        EV: 12    Int: 11    God:
Gold:   19         SH:  0    Dex: 15    Spells: 1/1 levels left

rFire   . . .      SeeInvis .    a - +0 spear
rCold   . . .      Faith    .    (no shield)
rNeg    . . .      Spirit   .    b - +0 leather armour
rPois   .          Reflect  .    (no helmet)
rElec   .          Harm     .    (no cloak)
rCorr   .          Rampage  .    (no gloves)
Will    .....                    (no boots)
Stlth   +                        (no amulet)
HPRegen 0.24/turn                (no ring)
MPRegen 0.08/turn                (no ring)

@: brilliant, flying, glowing
A: sense surroundings 1, otherworldly, glowing, explore regen
a: no special abilities


You were on level 4 of the Dungeon.
You visited 1 branch of the dungeon, and saw 2 of its levels.

You collected 19 gold pieces.

Inventory:

Hand Weapons
 a - a +0 spear (weapon)
Armour
 b - a +0 leather armour (worn)
Jewellery
 d - a ring of protection from cold
Wands
 g - a wand of digging (2) {@v3}
Scrolls
 c - a scroll of fog


   Skills:
 + Level 3.9 Fighting
 - Level 2.4 Polearms
 - Level 2.4 Dodging
 - Level 3.7 Stealth


You had one spell level left.
You didn't know any spells.
Your spell library was empty.

Dungeon Overview and Level Annotations

Branches:
Dungeon (5/15) Zot: 1108
 Temple: D:4-7

Altars:


Innate Abilities, Weirdness & Mutations

You passively map a small area around you.
You are easily found by Zot.
You glow in the dark.
You regain HP and MP as you explore.


Message History

The orc hits you with a +0 hand axe.
Okay, then.
It was a potion of flight.
You feel very buoyant.
You fly up into the air.
The goblin shouts!
The kobold shouts!
You hear a shout! x2
The phantom hits you. The orc hits you with a +0 hand axe.
The orc attacks as you move away! The orc hits you with a +0 hand axe.
The phantom hits you.
The phantom blinks!
You blink.
An orc comes into view. It is wielding a +0 hand axe.
The endoplasm quivers.
An adder comes into view.
The orc hits you with a +0 hand axe. The phantom attacks as you move away!
A dart slug comes into view.
A kobold comes into view. It is wielding a +0 club.
The orc hits you with a +0 hand axe. The orc attacks as you move away!
The adder bites you.
* * * LOW HITPOINT WARNING * * *
A kobold comes into view. It is wielding a +0 dagger.
A giant cockroach comes into view.
As you read the scroll of fog, it crumbles to dust.
The scroll dissolves into smoke.
The kobold shouts!
The adder bites you.
* * * LOW HITPOINT WARNING * * *
The kobold hits you with a +0 club.
* * * LOW HITPOINT WARNING * * *
The endoplasm attacks as you move away! The orc attacks as you move away!
The orc hits you with a +0 hand axe!
* * * LOW HITPOINT WARNING * * *
Aiming: Dig
Press: ? - help, Shift-Dir - straight line A rock wall.
The rock shatters into small pieces.
The adder bites you.
* * * LOW HITPOINT WARNING * * *
The kobold hits you with a +0 club.
* * * LOW HITPOINT WARNING * * *
The endoplasm attacks as you move away! The endoplasm hits you.
You die...

, * .# , , #.#
,* #.#* , # , *
*#.# . # #.#
.#.# #.#*
###.... * , ,
*#.##§..w...
###@KK...# , *
.####§JWS§..B# ,
*
.....K§oS#.#...,
, ...>..§§## , ,
.......Kw# , ,
,......o#rg# , *
* ,......SJ..#
#, ,
........h##.# .,
, ,
..........#.#..
## ,*


You could see a phantom, 2 adders, an orc, an endoplasm and 3 kobolds.

Vanquished Creatures
  A white imp (D:5)
  A ball python (D:4)
2 creatures vanquished.

Notes
Turn   | Place    | Note
-------+----------+-------------------------------------------
     0 | D:5      | iguanaiguana the Meteoran Delver began the quest for the
                  | Orb.
     0 | D:5      | Reached XP level 1. HP: 19/19 MP: 2/2
    34 | D:5      | Reached XP level 2. HP: 11/27 MP: 3/3
    50 | D:5      | Noticed a hound
    85 | D:4      | Noticed a phantom
    94 | D:4      | Noticed a black bear
    97 | D:4      | Noticed a jelly
   112 | D:4      | Slain by an endoplasm

Illustrated notes

Levels and vault maps discovered:
D:4:      layout_rooms, nicolae_ru_the_path_less_chosen,
          grunt_decor_mini_mirrors, corexii_corridor_pit, minmay_between
D:5:      layout_basic, nicolae_hepliaklqana_monster_ancestors,
          minmay_chambers_of_fives

Action                     || total
---------------------------++-------
  Melee: Spear             ||    22
  Evoke: Wand              ||     1
    Use: Potion            ||     5
         Scroll            ||     3
   Stab: Sleeping          ||     1
 Armour: Leather armour    ||    10
  Dodge: Dodged            ||    17

Table legend: (Time is in decaauts)
 A = Elapsed time spent in this place.
 B = Non-inter-level travel time spent in this place.
 C = Inter-level travel time spent in this place.
 D = Time resting spent in this place.
 E = Time spent auto-exploring this place.
 F = Levels seen in this place.
 G = Mean time per level.
                   A        B        C        D        E       F      G
               +--------+--------+--------+--------+--------+-----+--------+
         Total |     91 |     91 |      0 |      0 |      0 |   2 |   45.5 |
       Dungeon |     91 |     91 |      0 |      0 |      0 |   2 |   45.5 |
               +--------+--------+--------+--------+--------+-----+--------+

Top non-repeatable levels by time:
     D:5: 53 daAuts
     D:4: 38 daAuts
